 Dungeon Crawl Stone Soup version 0.21.1-1-g345015f (webtiles) character file.

273 Kairos the Cudgeler (level 6, -4/46 HPs)
             Began as a Human Skald on Mar 26, 2018.
             Slain by an ogre
             ... wielding a +0 giant spiked club
              (22 damage)
             ... on level 4 of the Dungeon.
             The game lasted 00:07:22 (3806 turns).

Kairos the Cudgeler (Human Skald)                   Turns: 3806, Time: 00:07:23

Health: -4/46      AC:  7    Str: 14    XL:     6   Next: 48%
Magic:  5/9        EV: 15    Int: 13    God:
Gold:   128        SH:  0    Dex: 12    Spells: 8/9 levels left

rFire    . . .     SeeInvis .   w - +0 flail
rCold    . . .     Gourm    .   (no shield)
rNeg     . . .     Faith    .   e - +0 ring mail (curse)
rPois    .         Spirit   .   (no helmet)
rElec    .         Reflect  .   n - scarf {cloud immunity}
rCorr    .         Harm     .   y - +1 pair of gloves
MR       .....                  (no boots)
Stlth    +.........             A - amulet of regeneration (curse)
HPRegen  0.55/turn              x - ring of wizardry
MPRegen  0.11/turn              r - +3 ring of evasion

@: infused
A: no striking features
a: no special abilities


You were on level 4 of the Dungeon.
You were hungry.

You visited 1 branch of the dungeon, and saw 4 of its levels.

You collected 128 gold pieces.

Inventory:

Hand Weapons
 j - a +0 hunting sling
 w - a +0 flail (weapon)
Missiles
 i - 113 stones (quivered)
Armour
 b - a +0 leather armour
 e - a cursed +0 ring mail (worn)
 n - a scarf of cloud immunity (worn)
 y - a +1 pair of gloves (worn)
Jewellery
 g - an uncursed ring of protection from magic
 r - a +3 ring of evasion (right hand)
 t - an uncursed ring of flight
 x - a ring of wizardry (left hand)
 z - an uncursed amulet of guardian spirit
 A - a cursed amulet of regeneration (around neck)
Scrolls
 h - 3 scrolls of remove curse {unknown}
 k - 2 scrolls of fog {unknown}
 m - 3 scrolls of teleportation {unknown}
 o - a scroll of random uselessness {unknown}
 p - 3 scrolls of identify {unknown}
 s - a scroll of fear {unknown}
 u - 2 scrolls of amnesia {unknown}
 v - 2 scrolls of enchant armour {unknown}
 C - a scroll of blinking {unknown}
Potions
 a - a potion of curing {unknown}
 f - a potion of mutation {unknown}
 l - 3 potions of degeneration {unknown}
 q - 2 potions of might
 B - a potion of berserk rage {unknown}
 D - a potion of haste {unknown}
 E - a potion of flight {unknown}
 G - a potion of agility {unknown}
Books
 c - a book of Battle

   Spells                             Type                      Level
   a - Infusion                       Charms                       1
   b - Shroud of Golubria             Charms/Translocation         2
   c - Song of Slaying                Charms                       2
   d - Spectral Weapon                Hexes/Charms                 3
   e - Regeneration                   Charms/Necromancy            3
Comestibles
 d - 4 rations


   Skills:
 + Level 2.5 Fighting
 + Level 3.9 Maces & Flails
 + Level 2.0 Armour
 + Level 3.6 Dodging
 + Level 0.2 Stealth
 + Level 2.3 Spellcasting
 + Level 3.7 Charms


You had 8 spell levels left.
You knew the following spells:

 Your Spells              Type           Power        Failure   Level  Hunger
a - Infusion              Chrm           ##..         4%          1    #......


Dungeon Overview and Level Annotations

Branches:
Dungeon (4/15)
 Temple: D:4-7

Altars:
Dithmenos
Hepliaklqana
Ru
Wu Jian
Zin


Message History

p - 3 scrolls labeled FIURHO INOAG (gained 1)
An ogre comes into view. It is wielding a giant spiked club.
The ogre shouts!
Found a scroll labeled SIYBLO HANU.
Casting: Infusion
Confirm with . or Enter, or press ? or * to list all spells.
You begin infusing your attacks with magical energy.
You hit the ogre.
The ogre is lightly wounded.
The ogre barely misses you.
You barely miss the ogre.
The ogre is lightly wounded.
The ogre hits you with a giant spiked club!
You thump the ogre!
The ogre is severely wounded.
The ogre hits you with a giant spiked club!!
You hit the ogre.
The ogre is almost dead.
The ogre hits you with a giant spiked club!!
You die...

#.....# #. #.....# .#
# #.######.....# .# .#
#............##.###.#
#.............#...?.
##..........#.#...#
#.......#####.#...#
###.......##....#O..##
..........##....@....#
..........##.........#
..........##.........#
....########.#########
....# #. ....# #.
#####


You could see an ogre.

Vanquished Creatures
  An orc priest (D:3)
  Natasha (thrice) (D:2)
  2 orc wizards
  3 adders
  3 oozes (D:3)
  2 worms (D:2)
  2 dart slugs (D:1)
  A leopard gecko (D:3)
  2 orcs
  10 bats
  3 giant cockroaches
  4 goblins
  8 hobgoblins
  4 jackals (D:2)
  5 frilled lizards
  10 kobolds
  6 rats
69 creatures vanquished.

Notes
Turn   | Place    | Note
-------+----------+-------------------------------------------
     0 | D:1      | Kairos the Human Skald began the quest for the Orb.
     0 | D:1      | Reached XP level 1. HP: 16/16 MP: 3/3
   172 | D:1      | Reached XP level 2. HP: 22/22 MP: 5/5
   737 | D:1      | Reached XP level 3. HP: 27/27 MP: 6/6
  1524 | D:2      | Reached XP level 4. HP: 33/33 MP: 7/7
  1665 | D:2      | Found an ornate altar of the Wu Jian Council.
  1717 | D:2      | Noticed Natasha
  1724 | D:2      | Killed Natasha
  2087 | D:2      | Noticed Natasha
  2096 | D:2      | Killed Natasha
  2096 | D:2      | Reached XP level 5. HP: 38/38 MP: 8/8
  2457 | D:2      | Found a shadowy altar of Dithmenos.
  2648 | D:2      | Noticed Natasha
  2660 | D:2      | Killed Natasha
  2801 | D:3      | Found a hazy altar of Hepliaklqana.
  2899 | D:3      | Found a sacrificial altar of Ru.
  2900 | D:3      | Found a glowing silver altar of Zin.
  2911 | D:3      | Reached XP level 6. HP: 40/45 MP: 6/9
  3801 | D:4      | Noticed an ogre
  3806 | D:4      | Slain by an ogre

Skill      XL: |  1  2  3  4  5  6 |
---------------+-------------------+-----
Dodging        | 3 |  3.6
Maces & Flails | 3 |  3.9
Armour         | 2 |  2.0
Fighting       | |  2.5
Stealth        | |  0.2
Spellcasting   | |  2.3
Charms         | |  3.7

Action                   |  1- 3 |  4- 6 || total
-------------------------+-------+-------++-------
Melee: Mace              |    78 |       ||    78
       Flail             |    22 |   147 ||   169
 Cast: Infusion          |       |     4 ||     4
  Eat: Chunk             |     2 |     7 ||     9
Armor: Ring mail         |    38 |    58 ||    96
Dodge: Dodged            |    70 |   122 ||   192
